 Dungeon Crawl Stone Soup version 0.22-a0-161-g198051c (webtiles) character file.

18 b5mith the Poker (level 2, -9/24 HPs)
             Began as a Human Berserker on Feb 10, 2018.
             Was a Follower of Trog.
             Mangled by a hobgoblin
             ... wielding a +1 dagger of electrocution
              (16 damage)
             ... on level 1 of the Dungeon.
             The game lasted 00:03:32 (503 turns).

b5mith the Poker (Human Berserker)                   Turns: 503, Time: 00:03:33

Health: -9/24      AC: 10    Str: 17    XL:     2   Next: 85%
Magic:  2/2        EV:  5    Int:  7    God:    Trog [*.....]
Gold:   24         SH:  0    Dex: 12    Spells: 1/1 levels left

rFire    . . .     SeeInvis .   k - +0 spear
rCold    . . .     Gourm    .   (no shield)
rNeg     . . .     Faith    .   m - +0 plate armour
rPois    .         Spirit   .   (no helmet)
rElec    .         Reflect  .   (no cloak)
rCorr    .         Harm     .   (no gloves)
MR       .....                  (no boots)
Stlth    ..........             (no amulet)
HPRegen  0.08/turn              (no ring)
MPRegen  0.08/turn              (no ring)

@: no status effects
A: no striking features
a: Berserk, Burn Spellbooks, Renounce Religion


You were on level 1 of the Dungeon.
You worshipped Trog.
Trog was aware of your devotion.
You were not hungry.

You visited 1 branch of the dungeon, and saw 1 of its levels.

You collected 24 gold pieces.

Inventory:

Hand Weapons
 a - a +0 spear
 g - a +0 spear
 j - a +2 hand axe of flaming
 k - a +0 spear (weapon)
Missiles
 d - 16 bolts
Armour
 b - a +0 animal skin
 m - a +0 plate armour (worn)
Scrolls
 e - a scroll of teleportation {unknown}
 f - a scroll of magic mapping {unknown}
 h - a scroll of remove curse {unknown}
 i - a scroll of fear {unknown}
 l - a scroll of identify {unknown}
Comestibles
 c - a ration


   Skills:
 + Level 3.2 Fighting
 + Level 3.2 Polearms
 + Level 2.1 Armour
 + Level 2.4 Dodging


You had one spell level left.
You didn't know any spells.

Dungeon Overview and Level Annotations

Branches:
Dungeon (1/15)

Altars:


Message History

Press: ? - help, Shift-Dir - straight line, f/p - hobgoblin
Aim: a hobgoblin, wielding a dagger of electrocution You throw a stone.
The stone hits the hobgoblin but does no damage.
Throwing (i - inventory)
n - 2 stones (quivered)
Press: ? - help, Shift-Dir - straight line, f/p - hobgoblin
Aim: a hobgoblin, wielding a dagger of electrocution You throw a stone.
The stone hits the hobgoblin but does no damage.
Throwing (i - inventory)
n - a stone (quivered)
Press: ? - help, Shift-Dir - straight line, f/p - hobgoblin
Aim: a hobgoblin, wielding a dagger of electrocution You throw a stone.
The stone hits the hobgoblin but does no damage.
You are too injured to fight recklessly!
You closely miss the hobgoblin.
The hobgoblin hits you but does no damage.
You are electrocuted!
Ouch! That really hurt!
You die...

.##...###...# .... ....###
##.)# ....... .#..#
###.#### ....... ....##
##......##........
.##..###..####..#........
.###..##.## #.#........
.####....## #..........
.....>....#####..........
..........#.....@##.....#
..........#.#####g.....#
.......)....#.....#....#
..........###.........##
........#.# #.[....(.##
..รท.....#.#####.#..((....
........#..##......#(....
...............K...#(....
..##.#..####....#... ....


You could see a hobgoblin.

Vanquished Creatures
  A dart slug (D:1)
  A leopard gecko (D:1)
  4 goblins (D:1)
  2 hobgoblins (D:1)
  3 kobolds (D:1)
  2 bats (D:1)
  2 rats (D:1)
15 creatures vanquished.

Notes
Turn   | Place    | Note
-------+----------+-------------------------------------------
     0 | D:1      | b5mith the Human Berserker began the quest for the Orb.
     0 | D:1      | Reached XP level 1. HP: 18/18 MP: 1/1
   201 | D:1      | Reached XP level 2. HP: 11/24 MP: 2/2
   503 | D:1      | Mangled by a hobgoblin

Vault maps used:
D:1:      dpeg_arrival_erosion

Action                   || total
-------------------------++-------
Melee: Spear             ||    75
Throw: Stone             ||     4
  Use: Potion            ||     1
Armor: Animal skin       ||     3
       Plate armour      ||    18
Dodge: Dodged            ||    25

Table legend:
 A = Spawn XP
 B = Non-spawn XP
 C = Spawn XP percentage of total XP
 D = Spawn monster count
 E = Non-spawn monster count
 F = Spawn count percentage of total count
 G = Total turns spent on level
                    A         B        C        D         E        F      G
               +---------+---------+-------+---------+---------+-------+---------
         Total |       0 |      26 |   0.0 |       0 |      15 |   0.0 |   503
               +---------+---------+-------+---------+---------+-------+---------
           D:1 |       0 |      26 |   0.0 |       0 |      15 |   0.0 |   503
               +---------+---------+-------+---------+---------+-------+---------
